 Dungeon Crawl Stone Soup version 0.19-a0-1498-g0b85ae9 (console) character file.

1221 flowsnake the Charmwright (level 8, -8/57 HPs)
             Began as a Red Draconian Ice Elementalist on Sept 10, 2016.
             Was a Believer of Okawaru.
             Mangled by an orc warrior
             ... wielding a +0 hand axe
              (9 damage)
             ... on level 7 of the Dungeon.
             The game lasted 00:19:11 (6420 turns).

flowsnake the Charmwright (DrIE)                    Turns: 6420, Time: 00:19:12

Health: -8/57      AC:  7    Str: 12      XL:     8   Next: 23%
Magic:  12/13      EV: 10    Int: 17      God:    Okawaru [**....]
Gold:   274        SH:  5    Dex:  9 (11) Spells: 2 memorised, 10 levels left

rFire  + . .     SeeInvis .     b - +2 hand axe (venom)
rCold  . . .     Gourm    .     (armour unavailable)
rNeg   . . .     Faith    .     i - +1 buckler
rPois  .         Spirit   .     (helmet restricted)
rElec  .         Dismiss  .     q - +0 cloak
rCorr  .         Reflect  .     (no gloves)
MR     .....     Harm     .     (no boots)
Stlth  +.........               (no amulet)
                                (no ring)
                                n - -2 ring of evasion (curse)

@: no status effects
A: breathe fire, unfitting armour, fire resistance 1, cold-blooded, AC +6
a: Breathe Fire, Heroism, Renounce Religion


You were on level 7 of the Dungeon.
You worshipped Okawaru.
Okawaru was pleased with you.
You were not hungry.

You visited 1 branch of the dungeon, and saw 7 of its levels.

You collected 274 gold pieces.

Inventory:

Hand Weapons
 a - a +0 trident of protection
 b - a +2 hand axe of venom (weapon)
 j - a +0 war axe
 p - a +4 long sword
Missiles
 t - 5 tomahawks (quivered)
Armour
 i - a +1 buckler (worn)
 q - a +0 cloak (worn)
Jewellery
 l - an uncursed ring of fire
 n - a cursed -2 ring of evasion (left hand)
Wands
 o - a wand of flame (23/48)
Scrolls
 d - a scroll of amnesia
 f - 2 scrolls of magic mapping
 m - a scroll of fog
Potions
 c - a potion of lignification
 e - 2 potions of invisibility
Books
 k - a book of Frost

   Spells                             Type                      Level
   a - Freeze                         Ice                          1
   b - Throw Frost                    Conjuration/Ice              2
   c - Ozocubu's Armour               Charms/Ice                   3
   d - Throw Icicle                   Conjuration/Ice              4
   e - Summon Ice Beast               Ice/Summoning                4
Comestibles
 g - 5 bread rations
 h - a slice of pizza
 u - a royal jelly


   Skills:
 - Level 4.4 Axes
 - Level 1.7 Dodging
 - Level 1.7 Stealth
 - Level 4.0 Shields
 + Level 3.6 Spellcasting
   Level 1.0 Conjurations
 - Level 5.0 Charms
 - Level 3.7 Ice Magic


You had 10 spell levels left.
You knew the following spells:

 Your Spells              Type           Power        Failure   Level  Hunger
a - Freeze                Ice            ###.         3%          1    None
b - Ozocubu's Armour      Chrm/Ice       ###.....     10%         3    ###....


Dungeon Overview and Level Annotations

Branches:
Dungeon (7/15)
 Temple: D:4-7

Altars:
Makhleb
Nemelex Xobeh
Okawaru
Zin

Annotations:
D:5 chonchonts's ghost, novice MiFi
D:6 Grinder


Innate Abilities, Weirdness & Mutations

You can breathe blasts of fire.
Your fiery red scales are hard. (AC +6)
Your body does not fit into most forms of armour.
Your flesh is heat resistant. (rF+)
You are cold-blooded and may be slowed by cold attacks.


Message History

There is a stone staircase leading up here.
You hit the orc warrior but do no damage.
The orc warrior looks as sick as possible!
The orc warrior is heavily wounded.
You hit the orc warrior but do no damage.
The orc warrior looks as sick as possible!
Your tail-slap misses the orc warrior.
The orc warrior is severely wounded.
The orc warrior hits you with a hand axe!
* * * LOW HITPOINT WARNING * * *
Casting: Freeze
Confirm with . or Enter, or press ? or * to list all spells.
Aiming: Freeze
Press: ? - help, Shift-Dir - straight line, f - orc warrior
Aim: an orc warrior, wielding a hand axe and wearing a plate armour (severely wounded, poisoned)
You freeze the orc warrior.
The orc warrior is severely wounded.
You block the orc's attack.
The orc warrior hits you with a hand axe!
You die... ██████████

█········█
█········█
█········█
█···do···█
██·██o████
█ █·█ █·█
█·█ █)█
█·█ ···
██·!·
█·███ ··█
··█ █·█


You could see an orc warrior and an orc.

Vanquished Creatures
  A water moccasin (D:5)
  2 phantoms
  An ice beast (D:5)
  2 centaurs (D:5)
  A giant frog (D:5)
  A scorpion (D:5)
  2 howler monkeys
  A crimson imp (D:5)
  2 hounds
  A jelly (D:5)
  3 orc priests (D:4)
  2 worker ants
  2 hound skeletons
  8 adders
  A shadow imp (D:6)
  An adder skeleton (D:4)
  6 worms
  A dart slug (D:2)
  A giant gecko (D:3)
  8 orcs
  6 bats
  5 giant cockroaches
  3 goblins
  10 hobgoblins
  7 jackals
  12 kobolds
  2 quokkas (D:5)
  A ball python (D:1)
  6 giant newts
  8 rats
107 creatures vanquished.

Notes
Turn   | Place    | Note
-------+----------+-------------------------------------------
     0 | D:1      | flowsnake the Draconian Ice Elementalist began the quest for the Orb.
     0 | D:1      | Reached XP level 1. HP: 14/14 MP: 3/3
   306 | D:1      | Reached XP level 2. HP: 20/20 MP: 3/5
  1218 | D:2      | Reached skill level 1 in Axes
  1218 | D:2      | Reached XP level 3. HP: 26/26 MP: 6/6
  1223 | D:2      | Learned a level 3 spell: Ozocubu's Armour
  1624 | D:2      | Reached skill level 1 in Shields
  1994 | D:2      | Reached XP level 4. HP: 27/33 MP: 7/7
  3682 | D:4      | Reached XP level 5. HP: 33/38 MP: 8/8
  3804 | D:4      | Found a burning altar of Makhleb.
  3864 | D:4      | Found an iron altar of Okawaru.
  3865 | D:4      | Found a glowing silver altar of Zin.
  3872 | D:4      | Became a worshipper of Warmaster Okawaru
  4384 | D:5      | Entered Level 5 of the Dungeon
  4398 | D:5      | Noticed a centaur
  4413 | D:5      | Killed a centaur
  4413 | D:5      | Reached XP level 6. HP: 4/45 MP: 9/9
  4422 | D:5      | Noticed chonchonts's ghost (novice MiFi)
  4799 | D:5      | Reached skill level 1 in Charms
  4999 | D:5      | Reached skill level 2 in Charms
  4999 | D:5      | Your scales start taking on a fiery red colour.
  4999 | D:5      | Reached XP level 7. HP: 23/50 MP: 10/10
  4999 | D:5      | Gained mutation: Your flesh is heat resistant. (rF+) [Red Draconian growth]
  5199 | D:5      | Reached * piety under Okawaru
  5286 | D:5      | Reached skill level 3 in Charms
  5345 | D:5      | Reached skill level 4 in Charms
  5434 | D:5      | HP: 2/50 [poisoned by a water moccasin]
  5441 | D:5      | HP: 1/50 [poisoned by a water moccasin]
  5804 | D:6      | Reached XP level 8. HP: 20/57 MP: 12/12
  6098 | D:6      | Noticed Grinder
  6121 | D:5      | Reached ** piety under Okawaru
  6295 | D:5      | Found a sparkling altar of Nemelex Xobeh.
  6372 | D:5      | Reached skill level 5 in Charms
  6419 | D:7      | HP: 1/57 [orc warrior/hand axe (17)]
  6420 | D:7      | Mangled by an orc warrior

Vault maps used:
D:1:      lightli_arrival_quake
D:2:      minmay_door_path
D:3:      first_bread
D:4:      grunt_temple_overflow_open
D:5:      nemelex_altar_shiori
D:6:      lemuel_doored_altar, grunt_qazlal_sundering, uniq_grinder
D:7:      uniq_duvessa

Skill      XL: |  1  2  3  4  5  6  7  8 |
---------------+-------------------------+-----
Axes           | 1 2 3 4 |  4.4
Shields        | 1 2 3 4 |  4.0
Charms         | 2 4 5 |  5.0
Ice Magic      | 2 3 |  3.7
Spellcasting   | 3 |  3.6
Dodging        | |  1.7
Stealth        | |  1.7
Conjurations   | |  1.0

Action                   |  1- 3 |  4- 6 |  7- 9 || total
-------------------------+-------+-------+-------++-------
Melee: Unarmed           |    12 |       |       ||    12
       Tailslap          |     8 |    14 |     4 ||    26
       Hand axe          |    89 |   153 |    87 ||   329
 Cast: Freeze            |    10 |     5 |    10 ||    25
 Abil: Breathe Fire      |       |       |     3 ||     3
  Use: Scroll            |     5 |     3 |     3 ||    11
       Potion            |       |     1 |     5 ||     6
 Stab: Sleeping          |       |     5 |     1 ||     6
       Distracted        |       |     2 |       ||     2
  Eat: Chunk             |     3 |    10 |       ||    13
       Bread ration      |       |       |     1 ||     1
       Beef jerky        |       |       |     1 ||     1
Armor: Skin              |    34 |    35 |    24 ||    93
Dodge: Dodged            |    70 |    71 |    48 ||   189
Block: Buckler           |     8 |    38 |    19 ||    65
